 Dungeon Crawl Stone Soup version 0.29-a0-356-g7bc237e783 (webtiles) character file.

Game seed: 1249124498176572749

14244 YayAnonymity the Cleaver (level 12, -21/101 HPs)
             Began as a Ghoul Gladiator on Apr 27, 2022.
             Was a Believer of Yredelemnul.
             Demolished by Rupert
             ... wielding a +1 great mace of holy wrath
              (26 damage)
             ... on level 12 of the Dungeon.
             The game lasted 00:20:11 (13302 turns).

YayAnonymity the Cleaver (Ghoul Gladiator)         Turns: 13302, Time: 00:20:11

Health: -21/101    AC: 17    Str: 21    XL:     12   Next: 14%
Magic:  26/27      EV:  4    Int: 10    God:    Yredelemnul [**....]
Gold:   1273       SH: 19    Dex: 10    Spells: 11/11 levels left

rFire   + . .      SeeInvis +   a - +0 war axe (spect)
rCold   + . .      Faith    .   L - +0 tower shield
rNeg    + + +      Spirit   .   d - +0 plate armour
rPois   ∞          Reflect  +   K - +3 hat of Pondering {ponderous, Will+ MP+10 Int+5}
rElec   .          Harm     .   p - scarf {repulsion}
rCorr   .          Rampage  .   O - +1 pair of gloves
Will    +....                   (no boots)
Stlth   ..........              n - amulet of reflection
HPRegen 0.00/turn               l - ring of see invisible
MPRegen 0.20/turn               M - ring of protection from fire

@: inhibited regen, studying Long Blades, repel missiles, slow
A: claws 1, cold resistance 1, negative energy resistance 3, inhibited
regeneration, torment resistance 2, devour on kill
a: Renounce Religion, Recall Undead Harvest, Dark Bargain


You were on level 12 of the Dungeon.
You worshipped Yredelemnul.
Yredelemnul was aware of your devotion.
You visited 2 branches of the dungeon, and saw 13 of its levels.

You collected 1548 gold pieces.
You spent 275 gold pieces at shops.

Inventory:

Hand Weapons
 a - a +0 spectral war axe (weapon)
 q - a +1 broad axe of draining
 w - a +1 broad axe of flaming
 I - a +5 war axe
Missiles
 e - 3 javelins (quivered)
 j - 24 poisoned darts
Armour
 d - a +0 plate armour (worn)
 p - a scarf of repulsion (worn)
 K - the +3 hat of Pondering (worn) {ponderous, Will+ MP+10 Int+5}
   (You took it off Gastronok on level 8 of the Dungeon)

   Int:       It affects your intelligence (+5).
   MP:        It affects your magic capacity (+10).
   Will:      It increases your willpower.
 L - a +0 tower shield (worn)
 O - a +1 pair of gloves (worn)
Jewellery
 l - a ring of see invisible (left hand)
 n - an amulet of reflection (around neck)
 M - a ring of protection from fire (right hand)
 N - a ring of protection from cold
Wands
 A - a wand of mindburst (10)
 E - a wand of polymorph (7)
 F - a wand of iceblast (3)
Scrolls
 b - 4 scrolls of fear
 c - a scroll of enchant armour
 g - a scroll of vulnerability
 m - 5 scrolls of amnesia
 s - 6 scrolls of teleportation
 t - 2 scrolls of blinking
 x - 2 scrolls of magic mapping
 y - a scroll of torment
Potions
 f - 7 potions of curing
 h - a potion of ambrosia {unknown}
 i - 6 potions of might
 k - 3 potions of resistance
 o - 3 potions of attraction
 r - 2 potions of flight {unknown}
 u - 3 potions of invisibility
 v - 2 potions of magic
 z - 5 potions of haste
 B - a potion of heal wounds {unknown}
 C - 2 potions of brilliance {unknown}
 G - 3 potions of cancellation {unknown}
 J - a potion of berserk rage {unknown}


   Skills:
 - Level 8.0 Fighting
 * Level 11.4 Axes
 - Level 1.7 Throwing
 - Level 5.0 Armour
 - Level 5.0 Dodging
 + Level 7.6 Shields
 + Level 8.5 Invocations


You had 11 spell levels left.
You didn't know any spells.
Your spell library contained the following spells:

 Spells                   Type           Power      Damage    Failure   Level
 Animate Skeleton         Necr           0%         N/A       100%        1
 Apportation              Tloc           0%         N/A       100%        1
 Foxfire                  Conj/Fire      0%         2x1d4     100%        1
 Magic Dart               Conj           0%         1d3       100%        1
 Sandblast                Erth           0%         2d4       100%        1
 Summon Small Mammal      Summ           0%         N/A       100%        1
 Corpse Rot               Necr/Air       0%         N/A       100%        2
 Passwall                 Tmut/Erth      0%         N/A       100%        2
 Poisonous Vapours        Pois/Air       0%         N/A       100%        2
 Searing Ray              Conj           0%         2d4       100%        2
 Conjure Flame            Conj/Fire      0%         6-21      100%        3
 Dazzling Flash           Conj/Hex       0%         N/A       100%        3
 Inner Flame              Hex/Fire       0%         N/A       100%        3
 Stone Arrow              Conj/Erth      0%         3d7       100%        3
 Flame Wave               Conj/Fire      0%         2d4       100%        4
 Fulminant Prism          Conj/Hex       0%         3d6       100%        4
 Agony                    Necr           0%         N/A       100%        5
 Silence                  Hex/Air        0%         N/A       100%        5
 Summon Forest            Summ/Tloc      0%         N/A       100%        5
 Eringya's Noxious Bog    Tmut/Pois      0%         N/A       100%        6
 Summon Hydra             Summ           0%         N/A       100%        7
 Sublimation of Blood     Necr           Unusable   N/A       N/A         2
 Wereblood                Tmut           Unusable   N/A       N/A         2

Dungeon Overview and Level Annotations

Branches:
Dungeon (12/15)            Temple (1/1) D:6            Lair (0/6) D:8
    Orc (0/2) D:11

Altars:
Ashenzari
Cheibriados
Dithmenos
Elyvilon
Fedhas
Gozag
Hepliaklqana
Kikubaaqudgha
Makhleb
Nemelex Xobeh
Okawaru
Qazlal
Ru
Sif Muna
Trog
Uskayaw
Vehumet
Wu Jian
Xom
Yredelemnul
Zin
The Shining One

Shops:
D:1 (   D:2 *   D:4 :   D:7 (   D:10 *

Annotations:
D:7 3 runed translucent doors, spaghetti's ghost, novice NaFi
D:12 Rupert


Innate Abilities, Weirdness & Mutations

You are immune to poison.
You have sharp fingernails.
Your flesh is cold resistant. (rC+)
You are immune to negative energy. (rN+++)
You do not regenerate when monsters are visible.
You are immune to unholy pain and torment.
You thrive by killing the living.


Message History

Your vampire mosquito zombie bites Rupert but does no damage.
You block Rupert's attack.
Your vampire mosquito zombie closely misses Rupert.
You block Rupert's attack.
You hit Rupert.
Rupert is lightly wounded.
Your +0 spectral war axe closely misses Rupert.
Your vampire mosquito zombie bites Rupert!
Rupert hits you with a +1 great mace of holy wrath!
You convulse.
Your vampire mosquito zombie bites Rupert.
Your ogre mage zombie hits Rupert.
Rupert hits your vampire mosquito zombie with a +1 great mace of holy wrath!!
Your vampire mosquito zombie is destroyed!
You slash Rupert!
Rupert is moderately wounded.
Your +0 spectral war axe hits Rupert!
Rupert hits you with a +1 great mace of holy wrath!!
You convulse!!
* * * LOW HITPOINT WARNING * * *
Your orc zombie hits Rupert.
Your ogre zombie barely misses Rupert.
You block Rupert's attack.
Your ogre mage zombie misses Rupert.
You hit Rupert but do no damage.
Rupert is heavily wounded.
Your +0 spectral war axe hits Rupert!
Rupert closely misses your +0 spectral war axe.
Your orc zombie hits Rupert but does no damage.
Rupert misses your +0 spectral war axe.
Your ogre zombie hits Rupert.
Your ogre mage zombie barely misses Rupert.
Your orc zombie barely misses Rupert.
Rupert hits you with a +1 great mace of holy wrath.
* * * LOW HITPOINT WARNING * * *
You convulse.
* * * LOW HITPOINT WARNING * * *
You barely miss Rupert.
Rupert is heavily wounded.
Your +0 spectral war axe misses Rupert.
Rupert hits you with a +1 great mace of holy wrath!!
You die...
Yredelemnul claims you as an undead slave.

...# ... . ((.#
.. #...# ...
#.#.#
....####...#
......§.Z..#
.#...#Z@Z#.#
.......@(..#
....###....# ...
#.#....# .
#.#....#
#.#.##.#
#.#.##.#
#####.#....#
#####..ZZZ#..Z.#
#...#..##.#....#


You could see Rupert (berserk, ally target), a friendly +0 spectral war axe
(summoned), a friendly orc zombie, a friendly ogre zombie and a friendly ogre
mage zombie.

Vanquished Creatures
  Gastronok (D:8)
  A boulder beetle (D:6)
  A two-headed ogre (D:12)
  An ogre mage (D:12)
  Pikel (D:7)
  A cyclops (D:11)
  A gargoyle (D:12)
  An unseen horror (D:11)
  Psyche (D:10)
  4 trolls
  A spriggan (shapeshifter) (D:8)
  Sigmund (D:6)
  A wyvern (D:7)
  8 yaks
  3 vampire mosquitoes (D:12)
  Menkaure (D:6)
  An acid dragon (D:9)
  An ice beast (D:7)
  An orc warrior (D:11)
  4 ogres
  10 centaurs
  A lemure (D:7)
  A kobold brigand (D:10)
  6 necrophages
  3 bullfrogs
  A scorpion (D:5)
  24 wights
  9 killer bees
  A troll zombie (D:11)
  2 howler monkeys
  4 centaur zombies
  3 hounds
  2 jellies (D:6)
  10 orc priests
  3 iguanas
  11 orc wizards
  A killer bee zombie (D:8)
  A mummy (D:8)
  A howler monkey zombie (D:8)
  A gnoll (D:4)
  11 adders
  4 white imps
  An orc zombie (D:11)
  4 worms
  A dart slug (D:2)
  52 orcs
  9 endoplasms
  6 giant cockroaches
  7 goblins
  7 hobgoblins
  3 jackals
  3 quokkas
  6 ball pythons
  6 bats
  2 frilled lizards
  10 kobolds
  6 rats
268 creatures vanquished.

Vanquished Creatures (collateral kills)
  A two-headed ogre (D:9)
  Maggie (D:7)
  A troll (D:11)
  2 vampire mosquitoes (D:12)
  A steam dragon (D:10)
  An orc warrior (D:7)
  A kobold brigand (D:7)
  A necrophage (D:8)
  A wight (D:8)
  A killer bee (D:9)
  An orc priest (D:10)
  An orc wizard (D:6)
  6 orcs
  3 kobolds
22 creatures vanquished.

Vanquished Creatures (others)
  A vampire mosquito zombie (D:12)
  A cyclops zombie (D:11)
  A bullfrog zombie (D:6)
  A centaur zombie (D:8)
  A killer bee zombie (D:9)
  A necrophage zombie (D:8)
  2 hound zombies
  An iguana zombie (D:6)
  8 orc zombies
  A withered plant (D:8)
18 creatures vanquished.

Grand Total: 308 creatures vanquished

Notes
Turn   | Place    | Note
-------+----------+-------------------------------------------
     0 | D:1      | YayAnonymity the Ghoul Gladiator began the quest for the
                  | Orb.
     0 | D:1      | Reached XP level 1. HP: 17/17 MP: 0/0
   133 | D:1      | Reached XP level 2. HP: 22/25 MP: 1/1
   214 | D:1      | Reached skill level 3 in Axes
   277 | D:1      | Found Nimnacow's Weapon Emporium.
   719 | D:2      | Reached XP level 3. HP: 30/30 MP: 2/2
   729 | D:2      | Reached skill level 1 in Armour
   751 | D:2      | Reached skill level 1 in Shields
   751 | D:2      | Reached XP level 4. HP: 37/37 MP: 3/3
   835 | D:2      | Found a burning altar of Makhleb.
   989 | D:2      | Found Xibyqau's General Store.
  1340 | D:2      | Reached XP level 5. HP: 45/45 MP: 4/4
  1672 | D:3      | Identified a scroll of acquirement
  1672 | D:3      | Acquired 749 gold pieces
  2048 | D:4      | Found Izetoloz's Book Boutique.
  2870 | D:4      | Reached skill level 4 in Axes
  2881 | D:4      | Reached XP level 6. HP: 50/51 MP: 5/5
  3296 | D:2      | Bought a scroll of torment for 75 gold pieces
  3296 | D:2      | Bought a scroll of brand weapon for 200 gold pieces
  3346 | D:5      | Entered Level 5 of the Dungeon
  3513 | D:5      | Reached XP level 7. HP: 57/58 MP: 6/6
  3709 | D:5      | Identified the +2 leather armour "Gaowar" {rElec rF+ rC-
                  | MP+9 Slay+3}
  3870 | D:5      | Reached skill level 5 in Axes
  4450 | D:6      | Found a staircase to the Ecumenical Temple.
  4459 | Temple   | Entered the Ecumenical Temple
  4468 | Temple   | Became a worshipper of Yredelemnul the Dark
  4696 | D:6      | Reached * piety under Yredelemnul
  4718 | D:6      | Reached ** piety under Yredelemnul
  4719 | D:6      | Reached skill level 1 in Invocations
  4719 | D:6      | Reached XP level 8. HP: 42/66 MP: 7/7
  4893 | D:6      | Noticed a boulder beetle
  5868 | D:6      | Noticed Menkaure
  5876 | D:6      | Killed Menkaure
  6050 | D:6      | Noticed Sigmund
  6057 | D:6      | Killed Sigmund
  6319 | D:6      | Killed a boulder beetle
  6320 | D:6      | Reached skill level 5 in Fighting
  6320 | D:6      | Reached skill level 6 in Axes
  6320 | D:6      | Reached XP level 9. HP: 44/74 MP: 8/10
  6508 | D:7      | Reached skill level 5 in Dodging
  6808 | D:7      | Noticed spaghetti's ghost (novice NaFi)
  6809 | D:7      | Found a runed translucent gate.
  6809 | D:7      | Found a runed translucent gate.
  6809 | D:7      | Found a runed translucent gate.
  6866 | D:7      | Noticed a boulder beetle
  6981 | D:7      | Noticed Pikel
  6989 | D:7      | Killed Pikel
  6990 | D:7      | Reached skill level 7 in Axes
  7010 | D:7      | Reached *** piety under Yredelemnul
  7174 | D:7      | Found Naijoure's Weapon Shop.
  7412 | D:7      | Reached **** piety under Yredelemnul
  7453 | D:7      | Noticed Maggie
  7461 | D:7      | Killed Maggie
  7462 | D:7      | Reached XP level 10. HP: 61/83 MP: 12/12
  7901 | D:8      | Reached skill level 8 in Axes
  7901 | D:8      | Reached skill level 5 in Armour
  8318 | D:8      | Reached skill level 5 in Shields
  8318 | D:8      | Reached skill level 5 in Invocations
  8489 | D:8      | HP: 3/84 [wight/+1 falchion of freezing (6)]
  8933 | D:8      | Identified the +10 falchion "Koklofof" {vorpal, rC+ Int+4}
  9071 | D:8      | Noticed Gastronok
  9096 | D:8      | HP: 3/86 [Gastronok (25)]
  9099 | D:8      | Killed Gastronok
  9100 | D:8      | Reached skill level 9 in Axes
  9912 | D:8      | Found a staircase to the Lair.
 10163 | D:9      | Reached XP level 11. HP: 92/92 MP: 14/14
 10377 | D:9      | Noticed a two-headed ogre
 10384 | D:9      | Killed a two-headed ogre
 10853 | D:10     | Entered Level 10 of the Dungeon
 10942 | D:10     | Found Zin's Purification Station.
 11137 | D:10     | Reached skill level 10 in Axes
 11514 | D:10     | Noticed Psyche
 11517 | D:10     | Paralysed by Psyche for 4 turns
 11527 | D:10     | Killed Psyche
 11805 | D:11     | Noticed a cyclops
 11807 | D:11     | Killed a cyclops
 12499 | D:11     | Found a staircase to the Orcish Mines.
 12934 | D:12     | Noticed a two-headed ogre
 12936 | D:12     | Noticed an ogre mage
 12941 | D:12     | Killed a two-headed ogre
 12942 | D:12     | Reached skill level 11 in Axes
 12942 | D:12     | Reached XP level 12. HP: 87/101 MP: 17/17
 12947 | D:12     | Killed an ogre mage
 13289 | D:12     | Noticed Rupert
 13301 | D:12     | HP: 5/101 [Rupert/+1 great mace of holy wrath (6)]
 13302 | D:12     | Demolished by Rupert

Illustrated notes

Levels and vault maps discovered:
D:1:      mrwooster_arrival_statue_3, layout_rooms, serial_shops, shop
D:2:      layout_loops_ring, serial_shops, shop, basic_altar,
          grunt_decor_clamped, minmay_increasing_density
D:3:      layout_rooms
D:4:      layout_basic, serial_shops, shop_fountains, palyth_stone_intersect,
          minmay_manual_macuahuitl
D:5:      layout_basic, minmay_starry_boxes
D:6:      layout_basic, minmay_temple_entry_junction, uniq_sigmund,
          uniq_menkaure
D:7:      layout_basic, gammafunk_ghost_split, serial_shops, shop, uniq_maggie,
          uniq_pikel
D:8:      layout_basic, lair_entry_dummy, serial_undead, serial_undead_c,
          serial_undead_d, serial_undead_d, serial_undead_c, uniq_gastronok
D:9:      layout_cave_pools
D:10:     wander_river, layout_gridville, zin_purify, uniq_psyche
D:11:     layout_long_grid, hiddenorc2_lemuel
D:12:     layout_stronghold, uniq_rupert
Temple:   compressed_dpeg_circular_temple

Skill      XL: |  1  2  3  4  5  6  7  8  9 10 11 |
---------------+----------------------------------+-----
Axes           | 3 4 5 6 7 9 11 | 11.4
Dodging        | 3 4 5 |  5.0
Armour         | 1 2 3 4 5 |  5.0
Shields        | 1 2 3 4 5 7 |  7.6
Fighting       | 3 4 5 6 7 8 |  8.0
Invocations    | 1 3 4 6 8 |  8.5
Throwing       | |  1.7

Action                   |  1- 3 |  4- 6 |  7- 9 | 10-12 || total
-------------------------+-------+-------+-------+-------++-------
Melee: War axe           |    65 |   151 |   191 |   328 ||   735
Throw: Throwing net      |       |       |     4 |       ||     4
       Javelin           |       |       |       |     4 ||     4
Invok: Recall Undead Har |       |       |       |     1 ||     1
       Dark Bargain      |       |       |       |     1 ||     1
  Use: Scroll            |       |    16 |     4 |     4 ||    24
 Stab: Distracted        |       |       |     1 |     8 ||     9
Armor: Leather armour    |    23 |    27 |       |       ||    50
       Chain mail        |       |    15 |    48 |       ||    63
       Plate armour      |       |       |    11 |   110 ||   121
Dodge: Dodged            |    36 |    52 |    37 |    47 ||   172
       Repelled          |       |       |     2 |       ||     2
Block: Kite shield       |    28 |   108 |   136 |   134 ||   406
       Reflection        |       |     2 |     3 |    30 ||    35
       Tower shield      |       |       |       |   149 ||   149

Table legend: (Time is in decaauts)
 A = Elapsed time spent in this place.
 B = Non-inter-level travel time spent in this place.
 C = Inter-level travel time spent in this place.
 D = Time resting spent in this place.
 E = Time spent auto-exploring this place.
 F = Levels seen in this place.
 G = Mean time per level.
                   A        B        C        D        E       F      G
               +--------+--------+--------+--------+--------+-----+--------+
         Total |  13817 |  13333 |    484 |   1267 |   9885 |  13 | 1062.8 |
       Dungeon |  13686 |  13239 |    447 |   1267 |   9816 |  12 | 1140.5 |
        Temple |    130 |     93 |     37 |      0 |     69 |   1 |  130.0 |
               +--------+--------+--------+--------+--------+-----+--------+

Top non-repeatable levels by time:
     D:8: 2355 daAuts
     D:5: 1960 daAuts
     D:7: 1369 daAuts
     D:4: 1280 daAuts
     D:6: 1121 daAuts
    D:11: 1113 daAuts
     D:2: 1003 daAuts
    D:10: 891 daAuts
     D:9: 788 daAuts
     D:1: 700 daAuts
    D:12: 633 daAuts
     D:3: 469 daAuts
  Temple: 130 daAuts
